AoeStats
← 波卡

Arena

510496111Analyzed
4v4 RM · 15h ago on Oct 1, 2026· 37m 21s· 8 players
Game mode
Random Map
Map size
Large (8 player)
Population
200
Speed
Normal
Resources
Standard
Victory
Conquest
Starting age
Dark Age
Ending age
Imperial Age
RankedLock teamsTeams togetherTeam positionsShared explorationLock speedFull tech treeHidden civsTurbo modeCheats
Victory
Defeat
🇹🇼 Turks · Taiwan
1039
+12
🇮🇩 Malians · Indonesia
1036
+12
🇮🇩 Cumans · Indonesia
1025
+12
🇮🇳 Persians · India
903
+17
🇨🇳 Spanish · China
990
-15
🇨🇳 Mongols · China
977
-15
🇨🇳 Georgians · China
962
-14
🇨🇳 Franks · China
831
-9
雨落
9:27 Feudal Age
13:53 Castle Age
12:26 Double-Bit Axe
12:51 Horse Collar
15:03 Bow Saw
20:02 Wheelbarrow
22:18 Hand Cart
23:30 Stone Mining
23:31 Gold Mining
24:48 Stone Shaft Mining
26:56 Gold Shaft Mining
26:30 Heavy Plow
29:27 Imperial Age
27:41 Ballistics
27:28 Padded Archer Armor
27:19 Fletching
27:26 Loom
27:26 Town Watch
28:19 Bloodlines
28:10 Husbandry
28:25 Thumb Ring
29:02 Nomads
29:16 Bodkin Arrow
29:36 Leather Archer Armor
30:20 Bracer
29:53 Capped Ram
31:54 Parthian Tactics
32:00 Conscription
32:18 Siege Engineers
32:09 Murder Holes
32:25 Masonry
32:47 Elite Mangudai
35:14 Drill
35:36 Siege Ram
36:14 Onager
xuzhongxing
5:07 Loom
8:28 Feudal Age
9:19 Double-Bit Axe
10:56 Horse Collar
12:01 Wheelbarrow
19:43 Castle Age
22:21 Bow Saw
22:39 Heavy Plow
24:20 Hand Cart
23:53 Town Watch
24:04 Gold Mining
24:04 Stone Mining
26:31 Fervor
26:22 Devotion
26:17 Herbal Medicine
27:57 Stone Shaft Mining
28:38 Fortified Wall
28:09 Treadmill Crane
28:50 Ballistics
28:43 Fortified Wall
28:56 Ballistics
28:33 Murder Holes
28:48 Masonry
30:34 Masonry
34:33 Forging
34:29 Scale Barding Armor
34:11 Pikeman
34:51 Squires
34:37 Arson
37:44 Imperial Age
35:15 Town Patrol
37:04 Husbandry
37:14 Bloodlines
Ehco
4:50 Loom
11:02 Feudal Age
15:01 Castle Age
13:35 Double-Bit Axe
31:49 Wheelbarrow
31:24 Horse Collar
32:37 Bloodlines
32:34 Scale Barding Armor
32:33 Padded Archer Armor
35:33 Imperial Age
33:25 Heavy Plow
33:59 Forging
33:51 Padded Archer Armor
34:28 Chain Barding Armor
35:26 Hand Cart
35:13 Gold Mining
35:54 Stone Mining
36:20 Forging
36:28 Leather Archer Armor
36:03 Fletching
36:46 Conscription
justjust
7:47 Loom
10:09 Feudal Age
13:43 Double-Bit Axe
13:52 Gold Mining
16:15 Castle Age
16:12 Scale Barding Armor
16:24 Forging
18:20 Bow Saw
25:03 Fletching
31:38 Bodkin Arrow
33:45 Chain Barding Armor
34:03 Iron Casting
33:37 Husbandry
SL | Icheng
10:49 Feudal Age
12:23 Loom
14:56 Castle Age
13:50 Double-Bit Axe
14:57 Horse Collar
17:37 Bow Saw
31:44 Scale Mail Armor
36:49 Wheelbarrow
35:59 Town Watch
36:56 Heavy Plow
36:49 Gold Mining
36:50 Stone Mining
波卡
11:31 Feudal Age
12:46 Horse Collar
14:37 Double-Bit Axe
19:20 Castle Age
20:53 Bow Saw
24:49 Imperial Age
22:26 Gold Mining
28:19 Conscription
31:08 Gold Shaft Mining
31:19 Wheelbarrow
32:22 Padded Archer Armor
34:37 Hand Cart
35:34 Elite Janissary
kwik
11:10 Feudal Age
15:09 Castle Age
13:14 Horse Collar
14:17 Double-Bit Axe
16:09 Bow Saw
16:02 Heavy Plow
20:10 Loom
21:33 Wheelbarrow
20:43 Town Watch
23:08 Hand Cart
29:40 Imperial Age
27:11 Town Patrol
27:18 Scale Barding Armor
27:24 Forging
27:30 Stone Mining
27:31 Gold Mining
28:56 Chain Barding Armor
28:40 Husbandry
28:51 Bloodlines
29:50 Iron Casting
29:28 Masonry
29:14 Murder Holes
29:40 Ballistics
30:15 Elite War Elephant
31:16 Conscription
31:31 Architecture
32:32 Plate Barding Armor
33:31 Stone Shaft Mining
33:32 Gold Shaft Mining
33:38 Citadels
34:04 Hoardings
35:12 Fletching
35:22 Padded Archer Armor
37:50 Blast Furnace
SL | WHITE_ACE
8:59 Loom
10:45 Feudal Age
12:35 Man-at-Arms
13:02 Arson
13:44 Double-Bit Axe
14:00 Horse Collar
19:52 Wheelbarrow
20:47 Scale Mail Armor
20:58 Forging
20:42 Fletching
24:20 Castle Age
22:30 Stone Mining
22:39 Gold Mining
22:53 Town Watch
23:43 Scale Barding Armor
23:55 Padded Archer Armor
24:50 Padded Archer Armor
24:59 Bodkin Arrow
25:44 Iron Casting
24:34 Elite Skirmisher
25:34 Thumb Ring
27:31 Hand Cart
28:30 Leather Archer Armor
28:38 Chain Barding Armor
28:59 Heavy Plow
32:59 Imperial Age
31:59 Chain Mail Armor
32:20 Town Patrol
33:35 Gold Shaft Mining
34:36 Ring Archer Armor
34:41 Ballistics
35:22 Chemistry
35:23 Parthian Tactics
37:02 Blast Furnace
36:51 Plate Barding Armor
36:51 Guilds
36:41 Caravan
38:06 Coinage
Connection lost

Rejoining the realm…

Still unreachable

The connection could not be restored.

Session expired

The server has moved on; the page needs a fresh start.